 Dungeon Sprint DCSS version 0.26-a0-1033-gd598b01645 (webtiles) character file.

Game seed: 4435811638034730103

22688 mhtbhm the Fencer (level 12, -8/125 HPs)
             Began as a Minotaur Fighter on Dec 10, 2020.
             Was the Champion of Okawaru.
             Mangled by Agnes
             ... wielding a +4 lajatang of speed
              (17 damage)
             ... in the Dungeon (Sprint IX: "|||||||||||||||||||||||||||||").
             The game lasted 00:08:30 (3814 turns).

mhtbhm the Fencer (Minotaur Fighter)                Turns: 3814, Time: 00:08:31

Health: -8/125     AC: 20    Str: 25    XL:     12   Next: 65%
Magic:  9/11       EV: 27    Int:  9    God:    Okawaru [******]
Gold:   485        SH: 16    Dex: 14    Spells: 11/11 levels left

rFire    . . .     SeeInvis .   a - +5 double sword of Watchfulness {vorpal, +Inv Int+4}
rCold    . . .     Faith    .   c - +0 kite shield
rNeg     . . .     Spirit   .   b - +4 scale mail {rPois}
rPois    +         Reflect  .   s - +1 hat
rElec    .         Harm     .   (no cloak)
rCorr    .         Rampage  .   A - +1 pair of gloves
Will     .....     NoTele   +   v - +0 pair of boots
Stlth    +++.......             (no amulet)
HPRegen  0.30/turn              p - +2 ring of evasion
MPRegen  0.12/turn              o - +3 ring of dexterity

@: mighty, heroism, hasted, very quick
A: retaliatory headbutt, horns 2
a: Heroism, Finesse, Renounce Religion, Evoke Invisibility


You were in the Dungeon.
You worshipped Okawaru.
Okawaru was exalted by your worship.
You visited 1 branch You collected 1956 gold pieces.
You spent 1471 gold pieces at shops.

Inventory:

Hand Weapons
 a - the +5 double sword of Watchfulness (weapon) {vorpal, +Inv Int+4}
   (Okawaru gifted it to you in the Dungeon)

   It inflicts extra damage upon your enemies.
   It affects your intelligence (+4).
   It lets you turn invisible.
 r - a +1 scimitar of draining
 w - a +2 scimitar of holy wrath
Armour
 b - a +4 scale mail of poison resistance (worn)
 c - a +0 kite shield (worn)
 s - a +1 hat (worn)
 v - a +0 pair of boots (worn)
 A - a +1 pair of gloves (worn)
Jewellery
 o - a +3 ring of dexterity (right hand)
 p - a +2 ring of evasion (left hand)
 x - an uncursed ring of poison resistance
 y - an uncursed ring of protection from fire
 z - an uncursed ring of see invisible
Wands
 m - a wand of iceblast (7)
Scrolls
 k - 3 scrolls of remove curse
 l - 2 scrolls of amnesia
 t - 6 scrolls of enchant weapon
 u - 6 scrolls of enchant armour
Potions
 e - 6 potions of curing
 g - 4 potions of haste
 h - 4 potions of magic
 i - 2 potions of mutation
 q - a potion of brilliance


   Skills:
 - Level 17.2(22.2) Fighting
 - Level 19.6(24.6) Long Blades
 - Level 13.3(18.3) Armour
 * Level 19.0(24.0) Dodging
 + Level 4.7(9.7) Stealth
 - Level 15.4(20.4) Shields
 + Level 2.0 Evocations


You had 11 spell levels left.
You didn't know any spells.
Your spell library was empty.

Dungeon Overview and Level Annotations

Branches:
Dungeon (1/1)

Altars:
Cheibriados
Dithmenos
Elyvilon
Fedhas
Gozag
Hepliaklqana
Kikubaaqudgha
Makhleb
Nemelex Xobeh
Okawaru
Qazlal
Ru
Sif Muna
Trog
Uskayaw
Vehumet
Wu Jian
Xom
Yredelemnul
Zin
The Shining One
Beogh
Jiyva
Lugonu

Shops:
D =::*

Annotations:
D Agnes


Innate Abilities, Weirdness & Mutations

You reflexively headbutt those who attack you in melee.
You have a pair of horns on your head.


Message History

As you read the scroll of blinking, it crumbles to dust.
You feel yourself speed up.
You see here a +1 hat.
Agnes says, "It is my duty to kill you, but also my pleasure."
You feel much better.
Okay, then.
You gain the combat prowess of a mighty hero.
You feel very mighty all of a sudden. You block Agnes's attack. x2
You miss Agnes. You closely miss Agnes. Your headbutt misses Agnes.
Agnes hits you with a +4 lajatang of speed!
* * * LOW HITPOINT WARNING * * *
You barely miss Agnes. You headbutt Agnes!
Agnes is lightly wounded.
Agnes closely misses you. You furiously retaliate!
You headbutt Agnes! You miss Agnes.
Agnes is moderately wounded.
Agnes hits you with a +4 lajatang of speed!
You die...

▓.▓.▓.▓)▓.▓.▓.▓'▓
▓.▓)▓.▓∩▓.▓.▓.▓.▓
▓.▓)▓.▓.▓.▓.▓.▓.▓
▓.▓(▓.▓∩▓.▓.▓.▓.▓
▓.▓)▓.▓.▓.▓.▓.▓[▓
▓.▓(▓.▓∩▓)▓.▓.▓[▓
▓.▓(▓.▓.▓.▓.▓.▓)▓
▓.▓(▓.▓.▓.▓.▓.▓)▓
▓@▓)▓.▓.▓.▓†▓.▓.▓
▓i▓'▓.▓.▓.▓†▓.▓.▓
▓.▓.▓.▓)▓.▓'▓.▓'▓
▓.▓(▓.▓'▓.▓.▓.▓_▓
▓.▓.▓.▓.▓.▓.▓.▓_▓
▓[▓.▓.▓.▓.▓.▓.▓_▓
▓.▓.▓.▓.▓.▓.▓.▓_▓
▓.▓.▓.▓.▓.▓†▓.▓_▓
▓.▓.▓.▓)▓.▓.▓.▓_▓


You could see Agnes.

Vanquished Creatures
  Gastronok (D)
  A stone giant (D)
  Snorg (D)
  A fire dragon (D)
  A boulder beetle (D)
  A hydra (D)
  A centaur warrior (D)
  2 deep troll earth magi (D)
  10 orc high priests (D)
  A wizard (D)
  2 deep elf magi (D)
  4 orc knights (D)
  A cyclops (D)
  An orc sorcerer (D)
  2 cane toads (D)
  A yaktaur (D)
  4 komodo dragons (D)
  2 trolls (D)
  A shadow (D)
  3 yaks (D)
  2 wraiths (D)
  A basilisk (D)
  A wyvern (D)
  A vampire mosquito (D)
  Eustachio (D)
  An acid dragon (D)
  2 wargs (D)
  2 water moccasins (D)
  A hell hound (D)
  4 orc warriors (D)
  2 ice beasts (D)
  A necrophage (D)
  6 wolves (D)
  2 bullfrogs (D)
  2 scorpions (D)
  A wight (D)
  2 orc wizards (D)
  2 jellies (D)
  7 orc priests (D)
  An adder (D)
  A dart slug (D)
  10 orcs (D)
  2 bats (D)
  4 bat skeletons (D)
  A goblin (D)
  A hobgoblin (D)
  A jackal skeleton (D)
  A rat (D)
104 creatures vanquished.

Notes
Turn   | Place    | Note
-------+----------+-------------------------------------------
     0 | D        | mhtbhm the Minotaur Fighter began the quest for the Orb.
     0 | D        | Reached XP level 1. HP: 19/19 MP: 0/0
    11 | D        | Banished a spatial maelstrom
    17 | D        | Noticed a jelly
    17 | D        | Noticed an ice beast
    17 | D        | Noticed a scorpion
    23 | D        | Reached skill level 5 in Armour
    23 | D        | Reached XP level 2. HP: 24/28 MP: 1/1
    30 | D        | Killed a scorpion
    31 | D        | Reached skill level 5 in Shields
    31 | D        | Reached XP level 3. HP: 36/37 MP: 2/2
    37 | D        | Killed an ice beast
    38 | D        | Reached skill level 5 in Long Blades
    38 | D        | Reached skill level 1 in Dodging
    38 | D        | Reached XP level 4. HP: 46/47 MP: 3/3
    38 | D        | Reached XP level 5. HP: 51/52 MP: 4/4
    45 | D        | Found a roughly hewn altar of Beogh.
    45 | D        | Found a snail-covered altar of Cheibriados.
    45 | D        | Found a shadowy altar of Dithmenos.
    45 | D        | Found a white marble altar of Elyvilon.
    45 | D        | Found a blossoming altar of Fedhas.
    45 | D        | Found an opulent altar of Gozag.
    46 | D        | Found a hazy altar of Hepliaklqana.
    47 | D        | Found a viscous altar of Jiyva.
    48 | D        | Found an ancient bone altar of Kikubaaqudgha.
    49 | D        | Found a corrupted altar of Lugonu.
    50 | D        | Found a burning altar of Makhleb.
    51 | D        | Found a sparkling altar of Nemelex Xobeh.
    52 | D        | Found an iron altar of Okawaru.
    53 | D        | Found a stormy altar of Qazlal.
    54 | D        | Found a sacrificial altar of Ru.
    55 | D        | Found a shimmering blue altar of Sif Muna.
    56 | D        | Found a bloodstained altar of Trog.
    57 | D        | Found a hide-covered altar of Uskayaw.
    58 | D        | Found a radiant altar of Vehumet.
    59 | D        | Found an ornate altar of the Wu Jian Council.
    60 | D        | Found a shimmering altar of Xom.
    61 | D        | Found a basalt altar of Yredelemnul.
    62 | D        | Found a glowing silver altar of Zin.
    63 | D        | Found a glowing golden altar of the Shining One.
   131 | D        | Became a worshipper of Warmaster Okawaru
   187 | D        | Noticed a troll
   187 | D        | Noticed a wraith
   194 | D        | Killed a wraith
   194 | D        | Reached * piety under Okawaru
   195 | D        | Reached XP level 6. HP: 63/63 MP: 5/5
   207 | D        | Killed a troll
   208 | D        | Reached skill level 1 in Stealth
   208 | D        | Reached XP level 7. HP: 9/71 MP: 6/6
   210 | D        | Reached skill level 10 in Fighting
   492 | D        | Noticed a deep elf mage
   492 | D        | Noticed a vampire mosquito
   492 | D        | Noticed a deep elf mage
   499 | D        | Noticed a fire elemental
   500 | D        | Killed a deep elf mage
   500 | D        | Reached ** piety under Okawaru
   501 | D        | Reached skill level 10 in Armour
   501 | D        | Reached skill level 10 in Shields
   501 | D        | Reached XP level 8. HP: 72/81 MP: 7/7
   505 | D        | Killed a deep elf mage
   505 | D        | Reached *** piety under Okawaru
   688 | D        | Noticed a six-headed hydra
   688 | D        | Noticed a komodo dragon
   688 | D        | Noticed a komodo dragon
   690 | D        | Noticed a cane toad
   695 | D        | Reached **** piety under Okawaru
   696 | D        | Reached skill level 5 in Dodging
   701 | D        | Killed a komodo dragon
   702 | D        | Reached XP level 9. HP: 90/90 MP: 8/8
   714 | D        | Killed a komodo dragon
  1009 | D        | Killed a cane toad
  1014 | D        | Reached skill level 15 in Long Blades
  1046 | D        | Killed a ten-headed hydra
  1046 | D        | Reached ***** piety under Okawaru
  1113 | D        | Noticed a komodo dragon
  1113 | D        | Noticed a cane toad
  1115 | D        | Noticed a boulder beetle
  1120 | D        | Killed a cane toad
  1120 | D        | Received a gift from Okawaru
  1121 | D        | Reached skill level 1 in Evocations
  1121 | D        | Reached XP level 10. HP: 92/100 MP: 9/9
  1516 | D        | Killed a boulder beetle
  1658 | D        | Noticed Eustachio
  1682 | D        | Killed Eustachio
  1744 | D        | Noticed an orc knight
  1751 | D        | Killed an orc knight
  1751 | D        | Received a gift from Okawaru
  1774 | D        | Got a twisted double sword {god gift}
  1775 | D        | Identified the +5 double sword of Watchfulness {vorpal,
                  | +Inv Int+4} (Okawaru gifted it to you in the Dungeon)
  1907 | D        | Noticed an orc knight
  1907 | D        | Noticed an orc high priest
  1913 | D        | Noticed an orc high priest
  1915 | D        | Noticed an orc high priest
  1918 | D        | Noticed a sun demon
  1922 | D        | Noticed an orc sorcerer
  1924 | D        | Noticed an orc knight
  1929 | D        | Killed an orc high priest
  1930 | D        | Reached XP level 11. HP: 40/111 MP: 10/10
  2036 | D        | Killed an orc knight
  2360 | D        | Killed an orc high priest
  2361 | D        | Reached skill level 15 in Fighting
  2364 | D        | Killed an orc high priest
  2367 | D        | Killed an orc sorcerer
  2385 | D        | Killed an orc knight
  2385 | D        | Received a gift from Okawaru
  2389 | D        | Noticed an orc knight
  2398 | D        | Killed an orc knight
  2463 | D        | Found Qaumoun's Assorted Antiques.
  2463 | D        | Noticed an orc high priest
  2463 | D        | Noticed an orc high priest
  2463 | D        | Noticed an orc high priest
  2468 | D        | Killed an orc high priest
  2469 | D        | Found Legublum's Book Shop.
  2478 | D        | Noticed a soul eater
  2526 | D        | Noticed a sun demon
  2529 | D        | Noticed a sun demon
  2529 | D        | Killed an orc high priest
  2826 | D        | Noticed a sixfirhy
  2833 | D        | Killed an orc high priest
  2833 | D        | Reached ****** piety under Okawaru
  2834 | D        | Reached skill level 15 in Shields
  2981 | D        | Noticed an orc high priest
  2987 | D        | Noticed a soul eater
  2987 | D        | Noticed a sun demon
  2991 | D        | Killed an orc high priest
  2991 | D        | Received a gift from Okawaru
  3055 | D        | Noticed an orc high priest
  3063 | D        | Killed an orc high priest
  3075 | D        | Found Unohuig's Book Boutique.
  3079 | D        | Found Kaskuc's Jewellery Shop.
  3083 | D        | Noticed an orc high priest
  3084 | D        | Noticed an orc high priest
  3089 | D        | Killed an orc high priest
  3090 | D        | Reached skill level 10 in Dodging
  3093 | D        | Killed an orc high priest
  3200 | D        | Bought a potion of haste for 210 gold pieces
  3200 | D        | Bought a scroll of enchant weapon for 157 gold pieces
  3210 | D        | Bought a manual of Dodging for 1104 gold pieces
  3465 | D        | Reached XP level 12. HP: 125/125 MP: 11/11
  3468 | D        | Noticed a centaur warrior
  3473 | D        | Noticed a deep troll earth mage
  3477 | D        | Noticed a stone giant
  3480 | D        | Received a gift from Okawaru
  3482 | D        | Noticed a fire dragon
  3484 | D        | Killed a centaur warrior
  3489 | D        | Noticed a deep troll earth mage
  3490 | D        | Killed a deep troll earth mage
  3491 | D        | Reached skill level 15 in Dodging
  3499 | D        | Killed a stone giant
  3509 | D        | Killed a fire dragon
  3515 | D        | Killed a deep troll earth mage
  3741 | D        | Noticed Snorg
  3751 | D        | Killed Snorg
  3763 | D        | Noticed Gastronok
  3772 | D        | Killed Gastronok
  3787 | D        | Noticed Agnes
  3799 | D        | HP: 1/125 [Agnes/+4 lajatang of speed (22)]
  3814 | D        | Mangled by Agnes

Illustrated notes

Levels and vault maps discovered:
D:        linesprint [early_d, line_temple, items_1, d_10, items_2, lair_1,
          lair_end, items_3, orc_1, orc_end, items_4, d_15, swamp_1, shoals_1,
          snake_1, spider_1, d_20, vaults_1, items_5, swamp_end, shoals_end,
          snake_end, spider_end, vaults_end, d_27, items_6, zot_1, zot_end,
          crypt_end, forest_end, elf_end, slime_end, tomb_end, abyss_end,
          pan_hell_end]

Skill      XL: |  1  2  3  4  5  6  7  8  9 10 11 12 |
---------------+-------------------------------------+-----
Fighting       | 4 6 7 9 10 11 12 14 17 | 17.2
Armour         | 5 6 7 9 10 11 13 | 13.3
Shields        | 4 5 7 8 9 10 11 12 14 15 | 15.4
Long Blades    | 3 4 5 7 9 11 13 15 17 19 | 19.6
Dodging        | 1 2 3 5 6 8 10 19 | 19.0
Stealth        | 1 2 3 4 |  4.7
Evocations     | 1 2 |  2.0

Action                   |  1- 3 |  4- 6 |  7- 9 | 10-12 || total
-------------------------+-------+-------+-------+-------++-------
Melee: Long sword        |    25 |     2 |       |       ||    27
       Headbutt          |     1 |     4 |    16 |    59 ||    80
       Scimitar          |       |    18 |    75 |   105 ||   198
       Double sword      |       |       |       |   156 ||   156
Invok: Heroism           |       |       |       |     1 ||     1
Evoke: Wand              |       |       |     3 |       ||     3
  Use: Potion            |     1 |     1 |     1 |     6 ||     9
       Scroll            |       |       |     1 |     5 ||     6
 Stab: Invisible         |       |     2 |       |       ||     2
Armor: Scale mail        |     9 |       |       |    17 ||    26
       Ring mail         |       |     2 |     8 |    11 ||    21
Dodge: Dodged            |     8 |    12 |    23 |    69 ||   112
Block: Kite shield       |    12 |    20 |    39 |    94 ||   165
       Rpst.: Long sword |     1 |       |       |       ||     1
       Scimitar          |       |       |     7 |     7 ||    14
       Double sword      |       |       |       |     8 ||     8

Table legend: (Time is in decaauts)
 A = Elapsed time spent in this place.
 B = Non-inter-level travel time spent in this place.
 C = Inter-level travel time spent in this place.
 D = Time resting spent in this place.
 E = Time spent auto-exploring this place.
 F = Levels seen in this place.
 G = Mean time per level.
                   A        B        C        D        E       F      G
               +--------+--------+--------+--------+--------+-----+--------+
         Total |   3742 |   3742 |      0 |   1851 |    373 |   1 | 3742.0 |
       Dungeon |   3742 |   3742 |      0 |   1851 |    373 |   1 | 3742.0 |
               +--------+--------+--------+--------+--------+-----+--------+

Top non-repeatable levels by time:
       D: 3742 daAuts
